 Dungeon Crawl Stone Soup version 0.30.0-5-g1a98f26d00 (webtiles) character file.

Game seed: 10046403303600208099

383 SnakkuSnakku7 the Insei (level 6, 0/46 HPs)
             Began as a Vampire Hedge Wizard on May 12, 2023.
             Was an Initiate of Ru.
             Slain by a black bear (5 damage)
             ... on level 4 of the Dungeon.
             The game lasted 00:05:39 (3440 turns).

SnakkuSnakku7 the Insei (Vampire Hedge Wizard)      Turns: 3440, Time: 00:05:40

Health: 0/46       AC:  4    Str: 11    XL:     6   Next: 47%
Magic:  10/10      EV: 12    Int: 17    God:    Ru [......]
Gold:   148        SH:  0    Dex: 13    Spells: 10/11 levels left

rFire   . .          .
                       - Unarmed
rCold   . . .        (no shield)
rNeg    . . .        b - +0 robe
rPois   .            c - +0 hat
rElec   .            g - +0 cloak
rCorr   .            w - +0 pair of gloves
SInv    +            (no boots)
Will    .....        (no amulet)
Stlth   ++           (no ring)
HPRegen 0.47/turn    (no ring)
MPRegen 0.12/turn

%: no passive effects
@: healing quickly
A: alive, fangs 3, see invisible, vampiric 2
a: Exsanguinate, Renounce Religion


You were on level 4 of the Dungeon.
You worshipped Ru.
Ru was noncommittal.
You visited 1 branch of the dungeon, and saw 4 of its levels.

You collected 148 gold pieces.

Inventory:

Hand Weapons
 a - a +0 dagger
Missiles
 l - 3 poisoned darts (quivered)
Armour
 b - a +0 robe (worn)
 c - a +0 hat (worn)
 g - a +0 cloak (worn)
 w - a +0 pair of gloves (worn)
Wands
 s - a wand of iceblast (4)
 v - a wand of paralysis (11)
Scrolls
 e - a scroll of amnesia {unknown}
 f - a scroll of vulnerability {unknown}
 h - 2 scrolls of poison {unknown}
 j - a scroll of immolation {unknown}
 k - a scroll of enchant weapon {unknown}
 p - a scroll of fear {unknown}
 q - a scroll of identify {unknown}
 t - a scroll of magic mapping {unknown}
 u - a scroll of fog {unknown}
Potions
 d - a potion of magic
 i - 2 potions of curing
 m - 2 potions of attraction {unknown}
 n - 2 potions of degeneration {unknown}
 o - 2 potions of brilliance {unknown}
 r - a potion of flight {unknown}


   Skills:
 + Level 2.5 Fighting
 - Level 2.6 Throwing
 - Level 2.1 Dodging
 - Level 3.0 Stealth
 + Level 5.0 Unarmed Combat
 - Level 3.0 Spellcasting
 - Level 0.6 Conjurations
 - Level 1.0 Summonings
 - Level 0.7 Translocations


You had 10 spell levels left.
You knew the following spells:

 Your Spells              Type           Power      Damage    Failure   Level
a - Magic Dart            Conj           16%        1d3       14%         1

Your spell library contained the following spells:

 Spells                   Type           Power      Damage    Failure   Level
 Slow                     Hex            8%         N/A       17%         1
 Sting                    Tmut/Pois      8%         1d3       17%         1
 Call Imp                 Summ           10%        N/A       17%         2
 Blink                    Tloc           10%        N/A       21%         2
 Cigotuvi's Dreadful Rot  Necr/Pois/Air  4%         N/A       26%         2
 Poisonous Vapours        Pois/Air       4%         N/A       26%         2
 Mephitic Cloud           Conj/Pois/Air  3%         N/A       43%         3
 Olgreb's Toxic Radiance  Pois           2%         N/A       86%         4


Dungeon Overview and Level Annotations

Branches:
Dungeon (4/15)
 Temple: D:4-7

Altars:
Okawaru
Ru
Trog
Yredelemnul

Annotations:
D:3 2 transporters, geeko55's ghost, amateur DEAr


Innate Abilities, Weirdness & Mutations

Your natural rate of healing is accelerated.
You have razor-sharp teeth.
You have supernaturally acute eyesight. (SInv)
You are afflicted with vampirism and can become a bat while bloodless.


Message History

You hit the black bear.
The black bear is severely wounded.
The black bear bites you. The black bear closely misses you.
The black bear barely misses you.
You hit the black bear but do no damage.
The black bear is severely wounded.
The black bear bites you. The black bear claws you.
The black bear claws you but does no damage.
You hit the black bear but do no damage.
The black bear is severely wounded.
The black bear goes berserk!
You hit the black bear but do no damage.
The black bear is severely wounded.
The black bear misses you.
The black bear claws you but does no damage.
The black bear claws you. The black bear barely misses you.
The black bear claws you but does no damage.
The black bear claws you.
You hit the black bear.
The black bear is severely wounded.
The black bear bites you but does no damage.
The black bear claws you.
The black bear claws you but does no damage.
You closely miss the black bear.
The black bear is severely wounded.
The black bear completely misses you. The black bear claws you.
The black bear closely misses you.
You hit the black bear but do no damage.
The black bear is severely wounded.
The black bear bites you. The black bear claws you.
The black bear closely misses you. The black bear bites you.
* * * LOW HITPOINT WARNING * * *
The black bear closely misses you. The black bear claws you.
* * * LOW HITPOINT WARNING * * *
You barely miss the black bear.
The black bear is severely wounded.
The black bear bites you.
* * * LOW HITPOINT WARNING * * *
The black bear claws you.
You die...

#...#... #.####.
#.# #..######.#
#o# #.##......#
#.# #.##.######
#o# #.##.# #o#
#.##.# #.#
#.##.#######
###.###@##........
#....÷[.h..÷......
#.#..#############
#.#..# #.#..#
#...## #####


You could see a black bear (berserk).

Vanquished Creatures
  A phantom (D:4)
  A howler monkey (D:4)
  3 orc priests
  An iguana (D:2)
  8 adders
  3 dart slugs
  15 orcs (D:3)
  4 ball pythons
  5 endoplasms
  2 giant cockroaches (D:1)
  4 goblins
  6 hobgoblins
  2 quokkas (D:1)
  5 bats
  4 frilled lizards
  5 kobolds
  6 rats
75 creatures vanquished.

Notes
Turn   | Place    | Note
-------+----------+-------------------------------------------
     0 | D:1      | SnakkuSnakku7 the Vampire Hedge Wizard began the quest for
                  | the Orb.
     0 | D:1      | Reached XP level 1. HP: 13/13 MP: 4/4
   270 | D:1      | Reached skill level 1 in Unarmed Combat
   315 | D:1      | Reached XP level 2. HP: 19/20 MP: 6/6
   337 | D:1      | Reached skill level 1 in Fighting
  1277 | D:2      | Reached skill level 2 in Unarmed Combat
  1277 | D:2      | Gained mutation: You are afflicted with vampirism and can
                  | become a bat while bloodless. [Vampire growth]
  1277 | D:2      | Reached XP level 3. HP: 18/26 MP: 7/7
  1459 | D:2      | Reached skill level 1 in Throwing
  1690 | D:2      | Reached XP level 4. HP: 12/32 MP: 4/8
  2075 | D:3      | Reached skill level 3 in Unarmed Combat
  2098 | D:3      | Found an iron altar of Okawaru.
  2122 | D:3      | Found a transporter.
  2133 | D:3      | Found a transporter.
  2273 | D:3      | Found a bloodstained altar of Trog.
  2346 | D:3      | Found a sacrificial altar of Ru.
  2355 | D:3      | Became a worshipper of Ru the Awakened
  2418 | D:3      | Noticed geeko55's ghost (amateur DEAr)
  2653 | D:3      | Reached XP level 5. HP: 4/37 MP: 9/9
  2790 | D:3      | Reached skill level 4 in Unarmed Combat
  3108 | D:4      | Noticed a phantom
  3135 | D:4      | Killed a phantom
  3136 | D:4      | Reached XP level 6. HP: 19/44 MP: 10/10
  3220 | D:4      | Found a basalt altar of Yredelemnul.
  3371 | D:4      | Reached skill level 5 in Unarmed Combat
  3440 | D:4      | Slain by a black bear

Illustrated notes

Levels and vault maps discovered:
D:1:      lemuel_arrival_lava_pool, layout_basic, minmay_misc_feat_encased
D:2:      layout_basic
D:3:      layout_basic, okawaru_gym_becter, lemuel_coloured_pillars_altar,
          trog_three_pillars_becter, gammafunk_ghost_arena,
          kennysheep_crisscross
D:4:      layout_loops_ring, lightli_temple_of_fire,
          mainiacjoe_overflow_alcove_1, nicolae_overflow_hidden_temple,
          minmay_temple_entry_large_hall, grunt_ministairs_3

Skill      XL: |  1  2  3  4  5  6 |
---------------+-------------------+-----
Unarmed Combat | 1 2 3 4 5 |  5.0
Fighting       | 1 2 |  2.5
Throwing       | 1 2 |  2.6
Dodging        | |  2.1
Stealth        | |  3.0
Spellcasting   | |  3.0
Conjurations   | |  0.6
Summonings     | |  1.0
Translocations | |  0.7

Action                     |  1- 3 |  4- 6 || total
---------------------------+-------+-------++-------
  Melee: Dagger            |    87 |       ||    87
         Bite              |    17 |    27 ||    44
         Punch             |     3 |     1 ||     4
         Unarmed           |    88 |   233 ||   321
  Throw: Dart              |     2 |     8 ||    10
   Cast: Magic Dart        |     3 |     3 ||     6
    Use: Potion            |     1 |       ||     1
   Stab: Sleeping          |     5 |     3 ||     8
 Armour: Robe              |    39 |    57 ||    96
  Dodge: Dodged            |    92 |   145 ||   237
